 Dungeon Crawl Stone Soup version 0.30-a0-765-g3161bf10a1 (webtiles) character file.

Game seed: 13691831327381446875

3605 Conn the Thaumaturge (level 10, -11/60 HPs)
             Began as an Octopode Fire Elementalist on Feb 12, 2023.
             Mangled by a two-headed ogre
             ... wielding a +0 giant spiked club
              (30 damage)
             ... on level 7 of the Dungeon.
             The game lasted 00:18:58 (7005 turns).

Conn the Thaumaturge (Octopode Fire Elementalist)   Turns: 7005, Time: 00:19:00

Health: -11/60     AC:  3    Str:  7    XL:     10   Next: 10%
Magic:  10/22      EV: 14    Int: 21    God:
Gold:   326        SH:  4    Dex: 14    Spells: 9/25 levels left

rFire   . . .      SeeInvis .    s - +4 spear (elec)
rCold   . . .      Faith    .    (no shield)
rNeg    . . .      Spirit   .    (helmet restricted)
rPois   .          Reflect  .    m - amulet of magic regeneration
rElec   .          Harm     .    (no ring)
rCorr   .          Rampage  .    (no ring)
Will    +....                    (no ring)
Stlth   ++++                     (no ring)
HPRegen 0.30/turn                (no ring)
MPRegen 0.58/turn                (no ring)
                                 (no ring)
                                 (no ring)

@: unable to drink
A: almost no armour, amphibious, 8 rings, camouflage 1, gelatinous body 1,
(nimble swimmer 1), tentacles, iridescent scales 1, large bone plates 1,
strong-willed 1, inability to drink after injury 1
a: no special abilities


You were on level 7 of the Dungeon.
You visited 1 branch of the dungeon, and saw 7 of its levels.
You also visited: Sewer.

You collected 326 gold pieces.

Inventory:

Hand Weapons
 b - a +0 dagger
 s - a +4 spear of electrocution (weapon)
Missiles
 k - 5 curare-tipped darts (quivered)
Magical Staves
 u - a staff of cold
Jewellery
 m - an amulet of magic regeneration (around mantle)
Wands
 q - a wand of roots (17)
 r - a wand of paralysis (8)
Scrolls
 d - a scroll of enchant armour
 e - 3 scrolls of fog
 i - a scroll of amnesia
 l - a scroll of brand weapon
 n - 4 scrolls of teleportation
Potions
 a - 4 potions of magic
 c - a potion of flight
 f - a potion of attraction {unknown}
 g - a potion of curing
 h - a potion of lignification
 j - a potion of mutation
 o - a potion of resistance
 p - a potion of might
 t - a potion of degeneration {unknown}
 v - a potion of cancellation
 w - a potion of heal wounds {unknown}


   Skills:
 + Level 2.0 Fighting
 + Level 2.8 Polearms
 + Level 0.3 Throwing
 + Level 3.0 Dodging
 + Level 6.5 Stealth
 + Level 8.0 Spellcasting
 + Level 5.4 Conjurations
 + Level 1.9 Hexes
 + Level 0.4 Translocations
 + Level 8.0 Fire Magic


You had 9 spell levels left.
You knew the following spells:

 Your Spells              Type           Power      Damage    Failure   Level
a - Foxfire               Conj/Fire      100%       2x1d9     1%          1
b - Blink                 Tloc           20%        N/A       10%         2
c - Inner Flame           Hex/Fire       29%        N/A       3%          3
d - Flame Wave            Conj/Fire      36%        2d10      4%          4
e - Scorch                Fire           84%        2d9       1%          2
f - Iskenderun's Mystic   Conj/Tloc      20%        2d6       24%         4

Your spell library contained the following spells:

 Spells                   Type           Power      Damage    Failure   Level
 Momentum Strike          Conj/Tloc      40%        3d9       3%          2
 Dazzling Flash           Conj/Hex       48%        N/A       5%          3
 Ensorcelled Hibernation  Hex/Ice        24%        N/A       8%          2
 Kindle Blastsparks       Fire/Tloc/Air  40%        2d13      8%          3
 Lesser Beckoning         Tloc           20%        N/A       10%         2
 Passwall                 Tmut/Erth      6%         N/A       12%         2
 Sublimation of Blood     Necr           8%         N/A       12%         2
 Swiftness                Air            8%         N/A       24%         3
 Irradiate                Conj/Tmut      9%         3d14      58%         5
 Starburst                Conj/Fire      18%        6d7       58%         6
 Petrify                  Tmut/Erth      8%         N/A       61%         4


Dungeon Overview and Level Annotations

Branches:
Dungeon (7/15)             Temple (0/1) D:7           Sewer (visited)

Altars:
Elyvilon
Gozag
Trog
Yredelemnul

Shops:
D:2 *


Innate Abilities, Weirdness & Mutations

You cannot wear most types of armour.
You are amphibious.
You can wear up to eight rings at the same time.
Your skin changes colour to match your surroundings (Stealth+).
Your rubbery body absorbs attacks. (AC +1, EV +1)
((You are camouflaged when in or above water. (Stealth+)))
You have tentacles for arms and can constrict up to eight enemies at once.
You are partially covered in iridescent scales. (AC +2)
You are partially covered in large bone plates. (SH +4)
You are strong-willed. (Will+)
You occasionally lose the ability to drink potions when taking damage.


Message History

The two-headed ogre is moderately wounded.
The two-headed ogre's fire resistance burns away.
Casting: Scorch (safe; 1% risk of failure)
Confirm with . or Enter, or press ? or * to list all spells.
Casting: Flame Wave (dangerous; 4% risk of failure)
Press: ? - help, Dir - look around, f - activate A wave of flame ripples out!
The flame wave engulfs the two-headed ogre!
The two-headed ogre is burned terribly!
The two-headed ogre is heavily wounded. (Press . to intensify the flame waves.)
The two-headed ogre misses you. The two-headed ogre barely misses you.
A wave of flame ripples out!
The flame wave engulfs the two-headed ogre!!
The two-headed ogre is burned terribly!
The two-headed ogre is severely wounded.
The tree burns like a torch!
You hear a shout!
A wave of flame ripples out!
The flame wave engulfs the two-headed ogre.
The two-headed ogre is almost dead.
The tree burns like a torch!
You finish channelling waves of flame.
You hear a croak.
The two-headed ogre barely misses you.
The two-headed ogre hits you with a +0 giant club!!
The forest fire spreads!
Casting: Flame Wave (dangerous; 4% risk of failure)
Confirm with . or Enter, or press ? or * to list all spells.
Casting: Flame Wave (dangerous; 4% risk of failure)
Press: ? - help, Dir - look around, f - activate A wave of flame ripples out!
The flame wave engulfs the two-headed ogre.
The two-headed ogre is burned terribly!
The two-headed ogre is almost dead. (Press . to intensify the flame waves.)
The two-headed ogre hits you with a +0 giant spiked club!!
The two-headed ogre hits you with a +0 giant club!!
You feel threatened and lose the ability to drink potions!
Ouch! That really hurt!
You die...

## ♣## #. ..# #.♣♣§.#
#§§§§.# #§§§§.#
#§§§O.# ####@#### ###
#.......# ####.####
####.########........
#.# #............ #.#
#............ #.#
#............
######.#
#......>.....
#....#.#
#........†...
#....#.#
#####........


You could see a two-headed ogre (combustible).

Vanquished Creatures
  The ghost of OSaftLP the Thaumaturge, a novice DEIE of Hepliaklqana (D:6)
  A manticore (D:7)
  The ghost of iskra the Conjurer, a novice DECj (D:6)
  A hornet (D:5)
  A steam dragon (D:7)
  2 water moccasins (D:5)
  An orc warrior (D:7)
  2 sky beasts (D:7)
  A black bear (D:7)
  2 ice beasts
  3 ogres
  3 kobold brigands (Sewer)
  A bullfrog (D:7)
  A necrophage (D:7)
  A scorpion (D:5)
  2 howler monkeys
  3 hounds
  2 orc priests
  3 jellies
  A gnoll bouda (D:7)
  4 iguanas
  2 orc wizards
  Robin (D:4)
  3 gnolls (D:3)
  2 river rats (Sewer)
  9 adders
  A white imp (D:7)
  An ufetubus (D:6)
  6 worms
  2 dart slugs
  21 orcs
  7 endoplasms
  4 giant cockroaches
  24 goblins
  6 hobgoblins
  2 jackals (Sewer)
  4 quokkas
  6 ball pythons
  2 bats (D:3)
  3 frilled lizards
  3 kobolds
  11 rats
157 creatures vanquished.

Vanquished Creatures (collateral kills)
  10 foxfires (Sewer)
10 creatures vanquished.

Vanquished Creatures (others)
  466 foxfires
  23 plants
  6 withered plants (D:6)
495 creatures vanquished.

Grand Total: 662 creatures vanquished

Notes
Turn   | Place    | Note
-------+----------+-------------------------------------------
     0 | D:1      | Conn the Octopode Fire Elementalist began the quest for the
                  | Orb.
     0 | D:1      | Reached XP level 1. HP: 11/11 MP: 3/3
   198 | D:1      | Reached XP level 2. HP: 17/17 MP: 1/5
  1089 | D:2      | Found Urogumy's General Store.
  1094 | D:2      | Reached XP level 3. HP: 21/21 MP: 1/6
  1444 | D:2      | You fall into a shaft and drop 2 floors!
  1444 | D:4      | Found an opulent altar of Gozag.
  1458 | D:4      | Reached XP level 4. HP: 27/27 MP: 2/8
  1713 | D:4      | Noticed Robin
  1727 | D:4      | Killed Robin
  1732 | D:4      | Reached XP level 5. HP: 31/31 MP: 7/9
  1777 | D:3      | Found a glowing drain.
  1781 | Sewer    | Entered a sewer
  1853 | Sewer    | Noticed a kobold brigand
  1859 | Sewer    | Killed a kobold brigand
  1935 | Sewer    | Reached XP level 6. HP: 36/36 MP: 9/11
  2675 | D:3      | Learned a level 2 spell: Scorch
  2679 | D:3      | Learned a level 3 spell: Inner Flame
  2684 | D:3      | Learned a level 4 spell: Flame Wave
  2687 | D:3      | Learned a level 2 spell: Blink
  2791 | D:3      | Reached XP level 7. HP: 41/41 MP: 10/13
  3045 | D:3      | Reached skill level 1 in Polearms
  3553 | D:4      | Found a basalt altar of Yredelemnul.
  3555 | D:4      | Found a bloodstained altar of Trog.
  3557 | D:4      | Found a white marble altar of Elyvilon.
  4182 | D:5      | Entered Level 5 of the Dungeon
  4182 | D:5      | Noticed a hornet
  4186 | D:5      | Killed a hornet
  4187 | D:5      | Reached skill level 1 in Fighting
  4187 | D:5      | Reached skill level 5 in Spellcasting
  4187 | D:5      | Reached skill level 5 in Fire Magic
  4197 | D:5      | Reached XP level 8. HP: 48/48 MP: 11/15
  4374 | D:5      | Reached skill level 1 in Hexes
  4481 | D:5      | Reached skill level 5 in Stealth
  5221 | D:6      | Learned a level 4 spell: Iskenderun's Mystic Blast
  5404 | D:6      | Found a runed translucent gate.
  5404 | D:6      | Found a runed translucent gate.
  5405 | D:6      | Found a runed translucent gate.
  5406 | D:6      | Noticed OSaftLP's ghost (novice DEIE)
  5406 | D:6      | Noticed iskra's ghost (novice DECj)
  6028 | D:6      | Killed OSaftLP's ghost
  6029 | D:6      | Reached XP level 9. HP: 9/53 MP: 6/18
  6035 | D:6      | Killed iskra's ghost
  6382 | D:7      | Reached skill level 5 in Conjurations
  6538 | D:7      | Found a staircase to the Ecumenical Temple.
  6631 | D:7      | Noticed a manticore
  6639 | D:7      | HP: 4/81 [manticore (2)]
  6643 | D:7      | Gained mutation: You are partially covered in large bone
                  | plates. (SH +4) [potion of mutation]
  6643 | D:7      | Gained mutation: You are strong-willed. (Will+) [potion of
                  | mutation]
  6643 | D:7      | Gained mutation: You occasionally lose the ability to drink
                  | potions when taking damage. [potion of mutation]
  6643 | D:7      | Gained mutation: You are partially covered in iridescent
                  | scales. (AC +2) [potion of mutation]
  6643 | D:7      | Killed a manticore
  6645 | D:7      | Reached XP level 10. HP: 17/60 MP: 4/21
  6992 | D:7      | Noticed a two-headed ogre
  7005 | D:7      | Mangled by a two-headed ogre

Illustrated notes

Levels and vault maps discovered:
D:1:      amcnicky_arrival_choice, layout_basic
D:2:      layout_rooms, serial_shops, nicolae_shop_hallway_stairs, minivault_11
D:3:      layout_basic, gup_sewer_entry_bowl, minmay_ogre_servants
D:4:      layout_basic, grunt_temple_overflow_diamond,
          mainiacjoe_overflow_small_starburst,
          nicolae_concentric_dashed_squares_mild, uniq_robin
D:5:      layout_basic
D:6:      layout_basic, gammafunk_ghost_cemetery
D:7:      nzn_winding_woodlands_large [nzn_winding_woodlands_5x5_perimeter,
          nzn_winding_woodlands_5x15_eye, nzn_winding_woodlands_5x5_default,
          nzn_winding_woodlands_center_garden,
          nzn_winding_woodlands_15x15_thick_spiral,
          nzn_winding_woodlands_center_pierced_h,
          nzn_winding_woodlands_5x5_closed_star,
          nzn_winding_woodlands_5x15_lazy_stream,
          nzn_winding_woodlands_5x5_default], layout_rooms,
          minmay_temple_entry_wispy

Skill      XL: |  1  2  3  4  5  6  7  8  9 10 |
---------------+-------------------------------+-----
Stealth        | 3 4 5 6 |  6.5
Conjurations   | 2 3 4 5 |  5.4
Spellcasting   | 3 4 5 6 7 8 |  8.0
Fire Magic     | 4 5 6 7 8 |  8.0
Polearms       | 1 2 |  2.8
Fighting       | 1 2 |  2.0
Hexes          | 1 |  1.9
Dodging        | 3 |  3.0
Throwing       | |  0.3
Translocations | |  0.4

Action                     |  1- 3 |  4- 6 |  7- 9 | 10-12 || total
---------------------------+-------+-------+-------+-------++-------
  Melee: Dagger            |    18 |     4 |       |       ||    22
         Constrict         |     4 |    10 |    14 |       ||    28
         Tentacles         |     3 |     8 |    15 |       ||    26
         Spear             |       |    27 |    51 |     2 ||    80
         Punch             |       |     2 |       |       ||     2
  Throw: Dart              |       |       |     3 |       ||     3
   Cast: Foxfire           |    67 |    99 |   103 |    10 ||   279
         Scorch            |       |       |    28 |    10 ||    38
         Inner Flame       |       |       |     5 |       ||     5
         Flame Wave        |       |       |     5 |     3 ||     8
         Blink             |       |       |     1 |       ||     1
    Use: Scroll            |       |       |    18 |     1 ||    19
         Potion            |       |       |     8 |       ||     8
   Stab: Sleeping          |     4 |       |     7 |       ||    11
 Armour: Skin              |       |     3 |     4 |       ||     7
  Dodge: Dodged            |     5 |    21 |    40 |     3 ||    69

Table legend: (Time is in decaauts)
 A = Elapsed time spent in this place.
 B = Non-inter-level travel time spent in this place.
 C = Inter-level travel time spent in this place.
 D = Time resting spent in this place.
 E = Time spent auto-exploring this place.
 F = Levels seen in this place.
 G = Mean time per level.
                   A        B        C        D        E       F      G
               +--------+--------+--------+--------+--------+-----+--------+
         Total |   7005 |   6831 |    174 |    100 |   5042 |   8 |  875.6 |
       Dungeon |   6171 |   5997 |    174 |    100 |   4625 |   7 |  881.6 |
         Sewer |    834 |    834 |      0 |      0 |    417 |   1 |  834.0 |
               +--------+--------+--------+--------+--------+-----+--------+

Top non-repeatable levels by time:
     D:1: 1086 daAuts
     D:6: 1075 daAuts
     D:4: 1031 daAuts
     D:5: 983 daAuts
     D:3: 873 daAuts
   Sewer: 834 daAuts
     D:7: 763 daAuts
     D:2: 356 daAuts
